 Dungeon Crawl Stone Soup version 0.30.1-11-g7821555f0a (webtiles) character file.

Game seed: 11702662684616704782

101 fireball365 the Chopper (level 4, -1/40 HPs)
             Began as a Hill Orc Fighter on Dec 2, 2023.
             Killed by nerve-wracking pain
             ... invoked by an orc priest
              (13 damage)
             ... on level 3 of the Dungeon.
             The game lasted 00:05:24 (2212 turns).

fireball365 the Chopper (Hill Orc Fighter)          Turns: 2212, Time: 00:05:24

Health: -1/40      AC: 13    Str: 20    XL:     4   Next: 75%
Magic:  4/4        EV:  7    Int:  8    God:
Gold:   27         SH:  5    Dex: 16    Spells: 3/3 levels left

rFire   . . .        a - +0 war axe
rCold   . . .        c - +0 buckler
rNeg    . . .        j - +0 chain mail
rPois   .            (no helmet)
rElec   .            (no cloak)
rCorr   .            (no gloves)
SInv    .            (no boots)
Will    .....        (no amulet) Stlth
                     l - +6 ring of dexterity
HPRegen 0.26/turn    i - +4 ring of protection
MPRegen 0.09/turn

%: no passive effects
@: no status effects
A: no striking features
a: Convert to Beogh


You were on level 3 of the Dungeon.
You visited 1 branch of the dungeon, and saw 3 of its levels.

You collected 123 gold pieces.
You spent 96 gold pieces at shops.

Inventory:

Hand Weapons
 a - a +0 war axe (weapon)
Armour
 b - a +0 scale mail
 c - a +0 buckler (worn)
 j - a +0 chain mail (worn)
Jewellery
 i - a +4 ring of protection (right hand)
 k - a ring of protection from fire
 l - a +6 ring of dexterity (left hand)
 o - a ring of fire
Scrolls
 h - a scroll of summoning
 m - 2 scrolls of amnesia
 n - a scroll of fear {unknown}
 p - a scroll of teleportation {unknown}
Potions
 d - a potion of might
 e - 2 potions of brilliance
 f - a potion of cancellation
 g - 2 potions of curing


   Skills:
 + Level 4.1 Fighting
 + Level 4.7 Axes
 + Level 3.8 Armour
 + Level 3.9 Shields


You had 3 spell levels left.
You didn't know any spells.
Your spell library contained the following spells:

 Spells                   Type           Power      Damage    Failure   Level
 Dazzling Flash           Conj/Hex       0%         N/A       100%        3
 Leda's Liquefaction      Hex/Erth       0%         N/A       100%        4
 Agony                    Necr           0%         N/A       100%        5
 Lee's Rapid Deconstruct  Erth           0%         3d4*      100%        5
 Silence                  Hex/Air        0%         N/A       100%        5
 Statue Form              Tmut/Erth      0%         N/A       100%        6


Dungeon Overview and Level Annotations

Branches:
Dungeon (3/15)

Altars:

Shops:
D:1 ?


Message History

You hear some strange, mumbled words.
Something tries to affect you, but you resist.
The orc hits you but does no damage. Something hits you but does no damage.
You bump into the rock wall.
The orc hits you but does no damage. Something hits you but does no damage.
You bump into the rock wall.
You feel less confused. The orc hits you but does no damage.
You block something's attack.
You miss something. You closely miss the orc. The orc barely misses you.
Something hits you.
You miss something. You hit the orc but do no damage.
An orc wizard appears from thin air!
Reactivating autopickup.
The orc hits you but does no damage.
An orc priest comes into view. It is wielding a +0 whip.
The orc wizard points at you and mumbles some strange words.
You are confused.
The orc priest invokes the aid of Beogh against you.
Beogh smites you! The orc barely misses you.
You bump into the rock wall.
The orc wizard hits you with a +0 dagger.
The orc hits you but does no damage.
You miss the orc.
The orc priest shouts, "Beogh is our master!
Accept the truth or die!" (press Y on the ability menu to convert to Beogh)
You hit the orc wizard.
You kill the orc wizard!
The orc hits you but does no damage.
You closely miss the orc. You miss the orc.
The orc priest mumbles some strange prayers to Beogh against you.
Beogh smites you!
* * * LOW HITPOINT WARNING * * *
The orc hits you but does no damage. x2
You hear a shout!
You feel better.
You hear a shout!
The orc hits you but does no damage.
The orc priest mumbles some strange prayers to Beogh against you.
Pain shoots through your body!
You die...

#♣#♣#♣#♣##
.........#
#♣#♣#♣.♣.#
####...).#
<...†....#
##..#....# ###
##.......#####.#
#..##.......#.####
##.##.##.##...o@o#
#..#.##.####.##.#
.##...##.# #.##o#
..# .####..
#o.....# ..##.
..........#....
....
...........###...
...# .......#...
## ..# ...~.#...#
.. ..o. #..##


You could see an orc priest and 2 orcs.

Vanquished Creatures
  An orc wizard (D:3)
  An adder (D:3)
  3 worms
  A dart slug (D:3)
  An orc (D:3)
  3 ball pythons (D:2)
  6 endoplasms
  A giant cockroach (D:3)
  6 goblins
  3 hobgoblins
  3 quokkas (D:2)
  7 bats
  4 frilled lizards
  7 kobolds
  11 rats
58 creatures vanquished.

Notes
Turn   | Place    | Note
-------+----------+-------------------------------------------
     0 | D:1      | fireball365 the Hill Orc Fighter began the quest for the
                  | Orb.
     0 | D:1      | Reached XP level 1. HP: 19/19 MP: 1/1
   200 | D:1      | Reached XP level 2. HP: 27/27 MP: 2/2
   379 | D:1      | Found Sestrish's Magic Scroll Boutique.
   389 | D:1      | Bought a scroll of identify for 24 gold pieces
  1006 | D:1      | Bought a scroll of identify for 24 gold pieces
  1131 | D:2      | Reached XP level 3. HP: 32/33 MP: 3/3
  1533 | D:1      | Bought a scroll of identify for 24 gold pieces
  1533 | D:1      | Bought a scroll of identify for 24 gold pieces
  1591 | D:2      | Found a faded altar of an unknown god.
  2077 | D:3      | Reached XP level 4. HP: 40/40 MP: 4/4
  2211 | D:3      | HP: 2/40 [orc priest/divine providence (13)]
  2212 | D:3      | Killed from afar by an orc priest

Illustrated notes

Levels and vault maps discovered:
D:1:      wander_arrival_chamber, layout_loops_corners, serial_shops,
          nicolae_shop_stone, minmay_cupped
D:2:      kennysheep_six_static_rooms, layout_loops_ring,
          shapermc_ecumenical_altar_gd
D:3:      cheibrodos_pilgrimage, layout_rooms, good_gods_temple_1,
          serial_forest, infiniplex_forest_lined_3, infiniplex_forest_end_2,
          infiniplex_forest_end_1, infiniplex_forest_lined_4_way,
          infiniplex_forest_lined_room_2, infiniplex_forest_lined_3,
          minmay_crystal_room

Skill      XL: |  1  2  3  4 |
---------------+-------------+-----
Axes           | 3 4 |  4.7
Fighting       | 4 |  4.1
Armour         | |  3.8
Shields        | |  3.9

Action                     |  1- 3 |  4- 6 || total
---------------------------+-------+-------++-------
  Melee: War axe           |   120 |    24 ||   144
    Use: Scroll            |     7 |       ||     7
         Potion            |       |     1 ||     1
 Armour: Scale mail        |    39 |       ||    39
         Chain mail        |    37 |    25 ||    62
  Dodge: Dodged            |    51 |     4 ||    55
  Block: Buckler           |    39 |     4 ||    43
